 Dungeon Crawl Stone Soup version 0.27.0-1-g7a089689b8 (webtiles) character file.

Game seed: 16962494346520141971

322 gimp the Skirmisher (level 6, 0/51 HPs)
             Began as a Human Delver on Aug 10, 2021.
             Slain by a bullfrog skeleton (2 damage)
             ... on level 5 of the Dungeon.
             The game lasted 00:05:58 (4438 turns).

gimp the Skirmisher (Human Delver)                  Turns: 4438, Time: 00:05:59

Health: 0/51       AC:  6    Str: 14    XL:     6   Next: 76%
Magic:  6/6        EV: 12    Int: 10    God:
Gold:   210        SH:  0    Dex: 15    Spells: 5/5 levels left

rFire    . . .     SeeInvis .   a - +0 spear
rCold    . . .     Faith    .   (no shield)
rNeg     . . .     Spirit   .   k - +0 ring mail
rPois    .         Reflect  .   u - +0 helmet
rElec    .         Harm     .   (no cloak)
rCorr    .         Rampage  .   (no gloves)
Will     .....                  (no boots)
Stlth    ++........             (no amulet)
HPRegen  0.17/turn              (no ring)
MPRegen  0.10/turn              (no ring)

@: hasted, very quick
A: no striking features
a: no special abilities


You were on level 5 of the Dungeon.
You visited 1 branch of the dungeon, and saw 5 of its levels.

You collected 210 gold pieces.

Inventory:

Hand Weapons
 a - a +0 spear (weapon)
Missiles
 s - 2 silver javelins (quivered)
Armour
 k - a +0 ring mail (worn)
 u - a +0 helmet (worn)
Wands
 g - a wand of digging (3)
 h - a wand of polymorph (8)
Scrolls
 b - a scroll of enchant armour {unknown}
 c - 2 scrolls of fog
 d - a scroll of magic mapping
 e - a scroll of fear
 j - a scroll of noise {unknown}
 l - 2 scrolls of identify {unknown}
 m - 2 scrolls of teleportation {unknown}
 n - a scroll of immolation {unknown}
 q - a scroll of holy word {unknown}
 r - a scroll of enchant weapon {unknown}
Potions
 f - a potion of haste
 o - a potion of flight


   Skills:
 + Level 5.2 Fighting
 - Level 2.0 Polearms
 + Level 0.5 Armour
 - Level 5.0 Dodging
 - Level 5.0 Stealth


You had 5 spell levels left.
You didn't know any spells.
Your spell library contained the following spells:

 Spells                   Type           Power      Damage    Failure   Level
 Summon Small Mammal      Summ           0%         N/A       61%         1
 Slow                     Hex            0%         N/A       75%         2
 Call Canine Familiar     Summ           0%         N/A       93%         3
 Confusing Touch          Hex            0%         N/A       93%         3
 Gell's Gravitas          Tloc           0%         N/A       93%         3
 Lesser Beckoning         Tloc           0%         N/A       93%         3
 Summon Guardian Golem    Hex/Summ       0%         N/A       93%         3
 Teleport Other           Tloc           0%         N/A       93%         3
 Vampiric Draining        Necr           0%         2d6       93%         3


Dungeon Overview and Level Annotations

Branches:
Dungeon (5/15)
 Temple: D:4-7

Altars:
Fedhas

Shops:
D:5 ?

Annotations:
D:2 Terence
D:5 exclusion: ice beast


Message History

Reach: a) +0 spear
Press: ? - help, Dir - move target, f - orc
Aim: an orc, wielding a +0 club (about 36% to evade your +0 spear)
You reach to attack!
You hit the orc.
The orc is moderately wounded.
Something hits you but does no damage.
Deactivating autopickup; reactivate with Ctrl-A.
Reach: a) +0 spear
Press: ? - help, Dir - move target, f/p - orc
Aim: an orc, wielding a +0 club (moderately wounded, about 36% to evade your +0 spear)
You reach to attack!
You hit the orc.
The orc is almost dead.
You completely miss the bullfrog skeleton.
The bullfrog skeleton hits you but does no damage.
Something hits you.
* * * LOW HITPOINT WARNING * * *
You take 1 damage, and have 3/51 hp.
You hit the bullfrog skeleton.
The bullfrog skeleton is lightly damaged.
The bullfrog skeleton hits you.
* * * LOW HITPOINT WARNING * * *
Something hits you but does no damage.
You take 1 damage, and have 2/51 hp.
You hit the bullfrog skeleton.
The bullfrog skeleton is lightly damaged.
The bullfrog skeleton closely misses you.
Okay, then.
You hit the bullfrog skeleton but do no damage.
The bullfrog skeleton is lightly damaged.
Something hits you but does no damage.
The bullfrog skeleton barely misses you.
You hit the bullfrog skeleton.
The bullfrog skeleton is moderately damaged.
An orc wizard appears from thin air!
Reactivating autopickup.
The orc wizard closely misses you. The bullfrog skeleton misses you.
You hit the bullfrog skeleton.
The bullfrog skeleton is heavily damaged.
The bullfrog skeleton hits you.
You die...

#............$...#
#.....)....#####.#
#....###.#..... #
#.>..PPPPP.###.
#.....$$$P.#
#.....$$$....
#oo..P$$$P.###
#o#..PPPP..#
#@#####....# #Z#
##### #.# #.# #.#
#.. ###


You could see an orc wizard, 2 orcs and a bullfrog skeleton.

Vanquished Creatures
  A scorpion (D:3)
  A water moccasin zombie (D:5)
  A water moccasin skeleton (D:4)
  An orc priest (D:5)
  An iguana (D:5)
  A gnoll (D:5)
  2 adders
  An ufetubus (D:5)
  An adder zombie (D:5)
  2 worms
  2 dart slugs
  3 orcs
  6 endoplasms
  A giant cockroach (D:3)
  3 hobgoblins
  3 jackals (D:2)
  3 quokkas
  3 ball pythons (D:2)
  2 bats
  2 frilled lizards
  4 goblins
  7 kobolds
  3 rats
54 creatures vanquished.

Vanquished Creatures (others)
  An orc wizard (D:5)
  4 toadstools (D:5)
5 creatures vanquished.

Grand Total: 59 creatures vanquished

Notes
Turn   | Place    | Note
-------+----------+-------------------------------------------
     0 | D:5      | gimp the Human Delver began the quest for the Orb.
     0 | D:5      | Reached XP level 1. HP: 18/18 MP: 1/1
   114 | D:3      | Found a faded altar of an unknown god.
   117 | D:3      | Reached XP level 2. HP: 24/24 MP: 2/2
   474 | D:1      | Reached XP level 3. HP: 29/29 MP: 3/3
  1488 | D:2      | Reached XP level 4. HP: 13/37 MP: 4/4
  1696 | D:2      | Found a blossoming altar of Fedhas.
  1943 | D:2      | Noticed Terence
  2099 | D:3      | Noticed a scorpion
  2112 | D:3      | Killed a scorpion
  2113 | D:3      | Reached XP level 5. HP: 20/43 MP: 5/5
  3334 | D:4      | Reached XP level 6. HP: 20/50 MP: 6/6
  3629 | D:5      | Noticed an ice beast
  4001 | D:5      | Reached skill level 5 in Fighting
  4270 | D:5      | Noticed a black bear
  4390 | D:5      | Found Wocs's Magic Scroll Shop.
  4399 | D:5      | Reached skill level 5 in Dodging
  4434 | D:5      | HP: 2/51 [bullfrog skeleton (2)]
  4438 | D:5      | Slain by a bullfrog skeleton

Illustrated notes

Levels and vault maps discovered:
D:1:      lemuel_arrival_lava_pool, layout_basic
D:2:      layout_rooms, basic_altar, uniq_crazy_yiuf_cottage, uniq_terence
D:3:      layout_basic, ebering_ecumenical_altar_rust
D:4:      wad_lake_hut, layout_cave_pools, serial_column_ruins,
          column_ruins_hut, column_ruins_open_small,
          column_ruins_columns_corner, column_ruins_corridor_plus,
          column_ruins_open_small, column_ruins_corridor_straight,
          column_ruins_open_small
D:5:      layout_basic, minmay_gold_behind_fungi,
          corexii_item_surrounded_by_moat, nicolae_take_the_stairs,
          minmay_holes, minmay_misc_feat_encased, minmay_misc_feat_chi,
          uniq_grinder

Skill      XL: |  1  2  3  4  5  6 |
---------------+-------------------+-----
Dodging        | 3 4 5 |  5.0
Fighting       | 4 5 |  5.2
Polearms       | |  2.0
Armour         | |  0.5
Stealth        | |  5.0

Action                   |  1- 3 |  4- 6 || total
-------------------------+-------+-------++-------
Melee: Spear             |   108 |   213 ||   321
  Use: Potion            |       |     7 ||     7
 Stab: Sleeping          |    13 |     3 ||    16
       Distracted        |     1 |       ||     1
Armor: Ring mail         |    26 |    68 ||    94
Dodge: Dodged            |    30 |   107 ||   137
